 Dungeon Sprint DCSS version 0.29.1-2-gbd0b4ee654 (webtiles) character file.

Game seed: 2015163461675060182

9919 Groucho the Imperceptible (level 11, -3/56 HPs)
             Began as a Spriggan Enchanter on Nov 27, 2022.
             Was a High Priest of Uskayaw.
             Killed from afar by a fire dragon (27 damage)
             ... with a blast of flame
             ... in the Dungeon (Sprint II: "The Violet Keep of Menkaure").
             The game lasted 00:07:11 (575 turns).

Groucho the Imperceptible (Spriggan Enchanter)       Turns: 575, Time: 00:07:11

Health: -3/56      AC:  2    Str:  8    XL:     11   Next: 29%
Magic:  26/30      EV: 23    Int: 17    God:    Uskayaw [*****.]
Gold:   438        SH:  0    Dex: 16    Spells: 27/38 levels left

rFire   . . .      SeeInvis +   a - +1 dagger
rCold   . . .      Faith    .   (no shield)
rNeg    . . .      Spirit   .   b - +0 robe
rPois   .          Reflect  .   (helmet restricted)
rElec   .          Harm     .   (no cloak)
rCorr   .          Rampage  .   (gloves unavailable)
Will    +....      NoTele   +   (boots unavailable)
Stlth   +++++++++.              (no amulet)
HPRegen 0.18/turn               f - +4 ring of slaying
MPRegen 0.22/turn               (no ring)

@: flying, very quick
A: very small, no large weapons, unfitting armour, see invisible, speed 3
a: Renounce Religion, Stomp, Line Pass, Grand Finale


You were in the Dungeon.
You worshipped Uskayaw.
Uskayaw was noncommittal.
You visited 1 branch You collected 1296 gold pieces.
You spent 858 gold pieces at shops.

Inventory:

Hand Weapons
 a - a +1 dagger (weapon)
Armour
 b - a +0 robe (worn)
Jewellery
 f - a +4 ring of slaying (left hand)
Scrolls
 i - a scroll of blinking
 j - a scroll of enchant armour {unknown}
 k - a scroll of fear {unknown}
Potions
 c - 2 potions of flight
 d - a potion of curing
 g - 2 potions of magic
 h - a potion of berserk rage


   Skills:
 + Level 5.9 Fighting
 * Level 11.2 Short Blades
 + Level 9.7 Dodging
 * Level 24.3 Stealth
 - Level 14.0 Spellcasting
 - Level 15.0 Hexes
 * Level 7.3 Invocations


You had 27 spell levels left.
You knew the following spells:

 Your Spells              Type           Power      Damage    Failure   Level
a - Ensorcelled Hibernat  Hex/Ice        74%        N/A       1%          2
b - Confusing Touch       Hex            58%        N/A       1%          3
c - Dazzling Flash        Conj/Hex       74%        N/A       1%          3
d - Tukima's Dance        Hex            58%        N/A       1%          3

Your spell library contained the following spells:

 Spells                   Type           Power      Damage    Failure   Level


Dungeon Overview and Level Annotations

Branches:
Dungeon (1/1)

Altars:
Cheibriados
Dithmenos
Elyvilon
Fedhas
Gozag
Hepliaklqana
Kikubaaqudgha
Makhleb
Nemelex Xobeh
Okawaru
Qazlal
Ru
Sif Muna
Trog
Uskayaw
Vehumet
Wu Jian
Xom
Yredelemnul
Zin
The Shining One
Jiyva
Lugonu

Shops:
D ?=:(?![=[:!=([?

Annotations:
D exclusion: oklob plant


Innate Abilities, Weirdness & Mutations

You are very small and have problems with some larger weapons.
You are too small for most types of armour.
You have supernaturally acute eyesight. (SInv)
You cover ground extremely quickly. (Speed+++)


Message History

The fire dragon is almost dead.
The black bear closely misses you. x2; The black bear claws you.
The fire dragon completely misses you. The fire dragon misses you.
The fire dragon tramples you!
You are shoved backwards!
Unknown command.
You hit the fire dragon but do no damage.
The fire dragon is almost dead.
Unknown command.
You hit the fire dragon but do no damage.
The fire dragon is almost dead.
The ice dragon misses you. The ice dragon closely misses you.
The ice dragon tramples you.
You are shoved backwards!
The slime creature quivers.
You hit the ice dragon.
The ice dragon is lightly wounded.
You hit the ice dragon.
The ice dragon is moderately wounded.
The slime creature hits you!
You hit the ice dragon but do no damage.
The ice dragon is moderately wounded.
You hit the ice dragon but do no damage.
The ice dragon is moderately wounded.
The slime creature completely misses you.
The slime creature hits you! The ice dragon closely misses you.
The ice dragon barely misses you. x2
Unknown command.
Unknown command.
Aiming: Line Pass
Press: ? - help, Dir - move target The ice dragon appears confused.
The black bear appears confused.
Two slime creatures merge to form a large slime creature.
You flicker back into view.
The ice dragon bites the large slime creature.
The ice dragon claws the large slime creature.
The ice dragon tramples the large slime creature!
The large slime creature stumbles backwards!
The manticore fails to trigger a net trap.
The fire dragon breathes flames at you. The blast of flame hits you!!
You die...

#..$.$.![▓ #J$..?$$.▓ #⌠?.†.#
##DD$.# ##''## ##≈...### #
#)≈...H.### #+++# ####.h..#†##
.... .. #..'...@#.†#
~.##+##..#÷.####.#†.#
~##...##.####.÷'.##.# ~#.##..#
...#..#...####
###.######..#####..##.# )[$
†###'# #.##..#(['..#..#▓()!??
..##.###†.#..#..#..#)÷#▓$$?!(?
##'.<.'.##'..####..##.#▓$$[$[!
#.##.###..#....###...##▓▓▓▓▓▓▓


You could see a fire dragon (catching breath), an ice dragon (confused), a large
slime creature, a manticore and a black bear (confused).

Vanquished Creatures
  A deep elf master archer (D)
  A crystal guardian (D)
  2 boulder beetles (D)
  2 hell hogs (D)
  A death yak (D)
  2 death drakes (D)
  2 manticores (D)
  2 cane toads (D)
  A yaktaur (D)
  3 polar bears (D)
  A hornet (D)
  A slime creature (D)
  2 wyverns (D)
  4 neqoxecs (D)
  2 water moccasins (D)
  2 swamp drakes (D)
  2 black bears (D)
  4 scorpions (D)
  3 worms (D)
38 creatures vanquished.

Vanquished Creatures (others)
  Menkaure (D)
1 creature vanquished.

Grand Total: 39 creatures vanquished

Notes
Turn   | Place    | Note
-------+----------+-------------------------------------------
     0 | D        | Groucho the Spriggan Enchanter began the quest for the Orb.
     0 | D        | Reached XP level 1. HP: 9/9 MP: 5/5
     8 | D        | Reached skill level 5 in Stealth
    13 | D        | Reached skill level 6 in Stealth
    14 | D        | Reached XP level 2. HP: 13/13 MP: 5/7
    17 | D        | Noticed a neqoxec
    21 | D        | Killed a neqoxec
    22 | D        | Reached skill level 11 in Stealth
    22 | D        | Reached XP level 3. HP: 16/16 MP: 5/11
    22 | D        | Reached XP level 4. HP: 21/21 MP: 5/13
    22 | D        | Noticed a neqoxec
    23 | D        | Killed a neqoxec
    24 | D        | Reached skill level 14 in Stealth
    24 | D        | Reached XP level 5. HP: 24/24 MP: 5/16
    24 | D        | Reached XP level 6. HP: 28/28 MP: 5/17
    24 | D        | Noticed a neqoxec
    24 | D        | Noticed a neqoxec
    26 | D        | Killed a neqoxec
    27 | D        | Reached skill level 15 in Stealth
    28 | D        | Killed a neqoxec
    29 | D        | Reached skill level 16 in Stealth
    29 | D        | Reached XP level 7. HP: 32/32 MP: 5/20
    41 | D        | Reached skill level 17 in Stealth
    41 | D        | Reached skill level 10 in Hexes
    44 | D        | Reached skill level 10 in Spellcasting
    47 | D        | Reached skill level 18 in Stealth
    52 | D        | Noticed a boulder beetle
    52 | D        | Noticed a boulder beetle
    55 | D        | Killed a boulder beetle
    56 | D        | Reached skill level 20 in Stealth
    56 | D        | Reached XP level 8. HP: 36/36 MP: 8/24
    58 | D        | Killed a boulder beetle
    59 | D        | Reached skill level 1 in Fighting
    59 | D        | Reached XP level 9. HP: 42/42 MP: 8/25
    68 | D        | Found Lozaoh's Antique Weapon Shoppe.
    68 | D        | Found Nairghoi's Armour Shoppe.
    68 | D        | Found Tasitext's Distillery.
    68 | D        | Found Lustrusha's Jewellery Emporium.
    68 | D        | Found Joydack's Antique Armour Shoppe.
    68 | D        | Found Noacy's Book Shoppe.
    69 | D        | Found Labux's Jewellery Shoppe.
    69 | D        | Found Ditoumeo's Antique Armour Emporium.
    70 | D        | Found Wewa's Magic Scroll Emporium.
    70 | D        | Found Henk's Distillery.
    70 | D        | Noticed a great orb of eyes
    78 | D        | Killed Menkaure
    87 | D        | Learned a level 2 spell: Ensorcelled Hibernation
    91 | D        | Learned a level 3 spell: Confusing Touch
    95 | D        | Learned a level 3 spell: Dazzling Flash
    99 | D        | Learned a level 3 spell: Tukima's Dance
   109 | D        | Found Hybei's Magic Scroll Shoppe.
   109 | D        | Found Itolis's Weapon Emporium.
   109 | D        | Noticed an oklob plant
   110 | D        | Found Sostur's Jewellery Shoppe.
   110 | D        | Found Xoxoss's Magic Scroll Emporium.
   110 | D        | Found Tuod's Book Shoppe.
   129 | D        | Noticed an iron elemental
   157 | D        | Bought a +4 ring of slaying for 858 gold pieces
   192 | D        | Found an iron altar of Okawaru.
   192 | D        | Found a radiant altar of Vehumet.
   193 | D        | Found a sparkling altar of Nemelex Xobeh.
   193 | D        | Found a hide-covered altar of Uskayaw.
   193 | D        | Found a glowing silver altar of Zin.
   194 | D        | Found an opulent altar of Gozag.
   194 | D        | Found a burning altar of Makhleb.
   194 | D        | Found a bloodstained altar of Trog.
   195 | D        | Found a blossoming altar of Fedhas.
   195 | D        | Found a corrupted altar of Lugonu.
   195 | D        | Found a basalt altar of Yredelemnul.
   195 | D        | Found a shimmering blue altar of Sif Muna.
   196 | D        | Found a white marble altar of Elyvilon.
   196 | D        | Found an ancient bone altar of Kikubaaqudgha.
   197 | D        | Found a shadowy altar of Dithmenos.
   197 | D        | Found a viscous altar of Jiyva.
   202 | D        | Found a snail-covered altar of Cheibriados.
   204 | D        | Found a shimmering altar of Xom.
   204 | D        | Found a sacrificial altar of Ru.
   204 | D        | Found a hazy altar of Hepliaklqana.
   205 | D        | Found a glowing golden altar of the Shining One.
   205 | D        | Found an ornate altar of the Wu Jian Council.
   205 | D        | Found a stormy altar of Qazlal.
   213 | D        | Became a worshipper of Uskayaw the Reveller
   223 | D        | Noticed a death yak
   224 | D        | Killed a death yak
   224 | D        | Reached * piety under Uskayaw
   225 | D        | Reached skill level 5 in Short Blades
   225 | D        | Reached skill level 5 in Dodging
   225 | D        | Reached skill level 21 in Stealth
   229 | D        | Reached ** piety under Uskayaw
   231 | D        | Reached *** piety under Uskayaw
   234 | D        | Noticed a deep elf master archer
   237 | D        | Noticed a hell hog
   237 | D        | Noticed a hell hog
   239 | D        | Killed a hell hog
   241 | D        | Killed a hell hog
   241 | D        | Reached **** piety under Uskayaw
   242 | D        | Reached skill level 22 in Stealth
   242 | D        | Reached XP level 10. HP: 45/49 MP: 27/27
   513 | D        | Noticed a death drake
   520 | D        | Noticed a death drake
   520 | D        | Noticed a crystal guardian
   523 | D        | Killed a crystal guardian
   525 | D        | Killed a death drake
   526 | D        | Reached skill level 23 in Stealth
   526 | D        | Reached skill level 15 in Hexes
   526 | D        | Reached skill level 5 in Invocations
   527 | D        | Killed a death drake
   527 | D        | Reached ***** piety under Uskayaw
   528 | D        | Reached skill level 5 in Fighting
   543 | D        | Killed a deep elf master archer
   544 | D        | Reached skill level 10 in Short Blades
   544 | D        | Reached XP level 11. HP: 56/56 MP: 29/29
   546 | D        | Noticed a fire dragon
   547 | D        | Noticed an ice dragon
   554 | D        | Reached skill level 24 in Stealth
   559 | D        | Reached ****** piety under Uskayaw
   575 | D        | Killed from afar by a fire dragon

Illustrated notes

Levels and vault maps discovered:
D:        the_violet_keep_of_menkaure [sprint2_stairs_cluster_1,
          sprint2_shoproom, sprint2_temple, sprint2_basic_supplies,
          sprint2_obstacle_4, sprint2_obstacle_6, sprint2_obstacle_3,
          sprint2_obstacle_1, sprint2_obstacle_7, sprint2_timed_cluster_1,
          sprint2_smallroom_cluster_1, sprint2_smallroom_final_cluster_1,
          sprint2_transparent_cluster_1, sprint2_second_timed_cluster_1,
          sprint2_sniper_area_1, sprint2_heavy_combat_area_1,
          sprint2_mutation_trap_area_1, sprint2_forest_area_1,
          sprint2_light_combat_area_1, sprint2_behind_water_1,
          sprint2_near_end_vault_1]

Skill      XL: |  1  2  3  4  5  6  7  8  9 10 11 |
---------------+----------------------------------+-----
Stealth        | 6 11 14 16 20 22 23 24 | 24.3
Spellcasting   | 3 6 7 9 11 12 13 14 | 14.0
Hexes          | 4 6 8 9 11 12 14 15 | 15.0
Fighting       | 1 3 5 |  5.9
Short Blades   | 4 7 10 11 | 11.2
Dodging        | 4 6 9 |  9.7
Invocations    | 3 6 7 |  7.3

Action                   |  1- 3 |  4- 6 |  7- 9 | 10-12 || total
-------------------------+-------+-------+-------+-------++-------
Melee: Dagger            |     6 |     3 |    13 |    40 ||    62
 Cast: Ensorcelled Hiber |       |       |     2 |     7 ||     9
       Confusing Touch   |       |       |       |     1 ||     1
Invok: Line Pass         |       |       |       |     1 ||     1
  Use: Potion            |     2 |       |       |     3 ||     5
 Stab: Sleeping          |     4 |     3 |    13 |    10 ||    30
       Invisible         |     1 |       |       |     4 ||     5
       Confused          |       |       |       |     1 ||     1
       Paralysed         |       |       |       |     3 ||     3
Dodge: Dodged            |     2 |       |     4 |    39 ||    45
